Map: 포트 알렉산더 - 래더

Players

Stats

  • Race: Protoss Protoss
  • League: Grandmaster
  • Spawn Location: 11:00

llllllllllll (Trap) - Winner!

  • Race: Protoss Protoss
  • League: Master
  • Spawn Location: 5:00

Event: IEM Season 13 - Katowice Server Qualifiers Asia 1

VOD

Have the link to the VOD?

Description

Time

  • Played on: Jan. 14, 2019, 4:55 a.m.
  • Length: 10:16

All games in this series

Show
View Real Time Build Order
Export as new Build Order

Stats Protoss 

Build Orders: Phoenix Opening, Archon Immortal 

Get SALT Encoding   

  12  0:00  Probe  
  13  0:12  Probe  
  14  0:18  Pylon  
  14  0:24  Probe  
  15  0:32  Probe  
  15  0:38  Gateway  
  15  0:40  Probe  
  16  0:47  Assimilator  
  17  0:51  Probe  
  17  0:56  Assimilator  
  18  1:00  Probe  
  19  1:08  Probe  
  19  1:09  Gateway  
  19  1:18  Probe  
  21  1:26  Cybernetics Core  
  21  1:30  Probe  
  22  1:36  Pylon  
  22  1:42  Probe  
  23  1:54  Probe  
  24  2:02  Stalker  
  24  2:03  Sentry  
  24  2:05  Warp Gate  
  28  2:12  Pylon  
  28  2:27  Pylon  
  27  2:35  Stargate  
  27  2:36  Phoenix  
  31  2:45  Stalker  
  29  2:52  Stalker  
  31  3:10  Nexus  
  31  3:11  Phoenix  
  33  3:25  Probe  
  34  3:34  Phoenix  
  34  3:40  Shield Battery  
  36  3:44  Probe  
  37  3:51  Robotics Facility  
  37  3:55  Pylon  
  37  4:05  Phoenix  
  39  4:10  Probe  
  40  4:18  Probe  
  40  4:22  Probe  
  40  4:23  Adept  
  40  4:24  Adept  
  45  4:26  Probe  
  47  4:33  Probe  
  47  4:37  Pylon  
  48  4:39  Observer  
  48  4:40  Probe  
  48  4:45  Probe  
  51  4:52  Probe  
  52  4:56  Immortal  
  52  4:57  Probe  
  53  5:04  Probe  
  58  5:09  Probe  
  58  5:12  Probe  
  57  5:16  Shield Battery  
  57  5:19  Forge  
  56  5:21  Probe  
  56  5:22  Probe  
  56  5:24  Sentry  
  60  5:33  Probe  
  60  5:34  Immortal  
  65  5:36  Probe, Protoss Ground Weapons Level 1  
  65  5:40  Assimilator  
  65  5:42  Assimilator  
  66  5:44  Pylon  
  66  5:46  Probe  
  66  5:48  Probe  
  68  5:53  Pylon  
  68  6:06  Phoenix  
  68  6:07  Probe x2  
  68  6:10  Gateway, Twilight Council  
  70  6:11  Gateway  
  70  6:18  Sentry  
  72  6:34  Immortal  
  76  6:40  Gateway  
  76  6:43  Gateway  
  76  6:44  Gateway  
  76  6:45  Gateway  
  76  6:54  Charge  
  76  6:57  Templar Archives  
  76  7:02  Protoss Ground Weapons Level 2  
  76  7:03  Nexus  
  76  7:10  Pylon  
  76  7:19  Pylon  
  76  7:20  Pylon  
  76  7:22  Warp Prism  
  78  7:38  High Templar x2  
  78  7:43  Archon  
  82  7:45  Phoenix  
  82  7:49  Zealot x6  
  94  7:57  Immortal  
  98  8:13  High Templar x2  
  98  8:17  Archon  
  98  8:18  Zealot x5  
  98  8:19  Zealot  
  114  8:25  Probe x2  
  114  8:26  Probe  
  117  8:36  Observer, Pylon  
  117  8:40  High Templar x2  
  121  8:45  Archon  
  121  8:47  Pylon  
  121  8:50  Pylon  
  121  8:54  Probe x3  
  124  9:14  High Templar x2  
  124  9:15  Zealot x6  
  140  9:18  Archon  
  140  9:19  Pylon  
  140  9:21  Pylon  
  140  9:22  Pylon  
  136  9:41  Zealot x3  
  136  9:42  Zealot x3  
  74  10:02  High Templar x4  
  74  10:03  Zealot x4  
  74  10:10  Archon x2  
Show
View Real Time Build Order
Export as new Build Order

llllllllllll Protoss - Winner!

Build Orders: Phoenix Opening, Blink Stalkers, Zealot Archon 

Get SALT Encoding   

  12  0:00  Probe  
  13  0:12  Probe  
  14  0:18  Pylon  
  14  0:24  Probe  
  15  0:33  Probe  
  15  0:39  Gateway  
  15  0:41  Probe  
  17  0:50  Probe  
  17  0:54  Assimilator  
  18  0:58  Probe, Assimilator  
  19  1:06  Probe  
  20  1:11  Gateway  
  20  1:17  Probe  
  21  1:25  Cybernetics Core  
  21  1:29  Probe  
  22  1:35  Pylon  
  22  1:41  Probe  
  23  1:53  Probe  
  24  2:01  Adept x2  
  24  2:02  Warp Gate  
  28  2:12  Pylon  
  28  2:27  Pylon  
  28  2:28  Stalker  
  30  2:30  Stalker  
  32  2:48  Twilight Council  
  32  2:56  Probe  
  33  3:06  Nexus  
  33  3:09  Sentry, Blink  
  33  3:12  Probe  
  38  3:30  Probe  
  38  3:34  Pylon  
  37  3:42  Probe  
  38  3:48  Phoenix  
  38  3:50  Shield Battery  
  38  3:54  Probe  
  39  4:04  Stalker x2  
  39  4:06  Probe  
  44  4:16  Forge  
  44  4:18  Probe x2  
  46  4:31  Stalker  
  48  4:32  Stalker  
  48  4:34  Probe  
  48  4:36  Probe  
  52  4:41  Pylon  
  52  4:43  Protoss Ground Weapons Level 1  
  52  4:46  Probe  
  52  4:48  Probe  
  54  4:58  Probe, Stalker  
  57  5:00  Probe  
  57  5:05  Stalker  
  57  5:09  Probe x2  
  56  5:17  Probe x2  
  57  5:25  Assimilator  
  57  5:27  Probe x2  
  57  5:28  Assimilator  
  60  5:39  Probe x2  
  60  5:41  Gateway, Pylon  
  62  5:44  Gateway  
  62  5:51  Probe x2  
  62  5:55  Sentry  
  66  6:03  Probe x2  
  65  6:08  Protoss Ground Weapons Level 2  
  65  6:11  Gateway  
  65  6:13  Gateway  
  65  6:15  Probe x2  
  67  6:18  Templar Archives  
  67  6:20  Pylon  
  67  6:25  Charge  
  67  6:27  Probe x2  
  69  6:39  Probe x2  
  71  6:50  Nexus  
  71  6:56  High Templar x2  
  75  7:01  Gateway  
  75  7:04  Gateway  
  75  7:10  High Templar x2  
  75  7:14  Pylon  
  78  7:16  Pylon  
  78  7:29  Robotics Facility  
  78  7:30  Pylon  
  78  7:38  High Templar x2  
  78  7:39  Zealot x2  
  86  7:44  Archon  
  86  7:45  Zealot x2  
  90  7:54  Archon  
  90  8:02  Pylon  
  90  8:03  Pylon  
  88  8:06  Warp Prism, High Templar x2  
  88  8:07  Zealot x4  
  88  8:11  Archon, Zealot x2  
  104  8:20  Probe x2  
  104  8:21  Probe  
  107  8:39  High Templar x2  
  107  8:40  Zealot x4  
  119  8:44  Archon  
  119  8:45  Zealot  
  119  8:48  Zealot  
  121  8:57  Pylon  
  121  8:59  Pylon  
  121  9:06  High Templar  
  121  9:07  High Templar, Zealot x3  
  131  9:12  Archon, Zealot  
  131  9:13  Zealot  
  135  9:17  Zealot  
  137  9:29  Archon  
  136  9:33  Zealot x4  
  136  9:38  Zealot x2  
  148  9:42  Zealot x2  
  119  9:55  Zealot x4  
  101  10:00  Probe x3  

Tags
 
Add a new tag
Caveats
  • Supply blocks, unpowered buildings, or Contaminate may cause inaccurate times.
  • Supply counts are checked every 10 seconds.